AoeStats
← filipellopes

Arabia

510643687Analyzed
1v1 RM · 16h ago on Oct 1, 2026· 28m 37s· 2 players
Game mode
Random Map
Map size
Tiny (2 player)
Population
200
Speed
Normal
Resources
Standard
Victory
Conquest
Starting age
Dark Age
Ending age
Imperial Age
RankedLock teamsTeams togetherTeam positionsShared explorationLock speedFull tech treeHidden civsTurbo modeCheats
Victory
Defeat
🇧🇷 Magyars · Brazil
1004
+14
🇨🇦 Saxons · Canada
969
-14
santa7785
8:22 Loom
10:33 Feudal Age
11:29 Double-Bit Axe
16:40 Town Watch
20:34 Castle Age
18:30 Horse Collar
19:09 Gold Mining
21:46 Squires
22:41 Wheelbarrow
21:54 Pikeman
22:05 Crossbowman
23:04 Fletching
24:11 Bodkin Arrow
26:50 Gambesons
27:41 Forging
filipellopes
7:10 Loom
10:13 Feudal Age
17:45 Double-Bit Axe
20:21 Castle Age
19:00 Scale Barding Armor
19:33 Bloodlines
19:21 Horse Collar
21:10 Wheelbarrow
26:10 Husbandry
27:13 Gold Mining
27:59 Chain Barding Armor
28:40 Bow Saw
Connection lost

Rejoining the realm…

Still unreachable

The connection could not be restored.

Session expired

The server has moved on; the page needs a fresh start.